[Event "January 9 Early 2024"]
[Site "https://www.chess.com"]
[Date "2024.01.11"]
[Round "1"]
[White "Gruzman, Ilya"]
[Black "Syaputra, Arifa Rizki"]
[Result "0-1"]
[Board "288"]
[TimeControl "180+1"]
[WhiteFideId "2812703"]
[BlackFideId "7105100"]
[WhiteElo "2399"]
[BlackElo "2724"]
[WhiteTeam "ISR"]
[BlackTeam "INA"]
[WhiteClock "0:00:16"]
[BlackClock "0:00:19"]

1. d4 Nf6 2. c4 e6 3. Nf3 d5 4. Nc3 dxc4 5. e3 a6 6. a4 c5 7. Bxc4 Be7 8. O-O O-O 9. Qe2 Qc7 10. Rd1 Nc6 11. d5 exd5 12. Nxd5 Nxd5 13. Bxd5 Nb4 14. Bc4 Bg4 15. Bd2 Rad8 16. Rac1 Nc6 17. h3 Bh5 18. Bc3 Bd6 19. Rd5 Bg6 20. Rcd1 Be7 21. Ne5 Nxe5 22. Bxe5 Qc6 23. Rxd8 Rxd8 24. Rxd8+ Bxd8 25. Qd1 Be7 26. Bd5 Qc8 27. Qb3 Qf5 28. Bg3 b5 29. axb5 axb5 30. Bf3 c4 31. Qa2 h5 32. Qa8+ Kh7 33. Kh2 Bf6 34. e4 Qc5 35. Qb7 Bxb2 36. Bd1 Be5 37. f4 h4 38. Bxh4 Bxf4+ 39. Bg3 Bxg3+ 40. Kxg3 Qe5+ 41. Kf2 Bxe4 42. Qc8 Qf5+ 43. Qxf5+ Bxf5 44. Ke3 Kg6 45. Kd4 Kf6 46. g4 Bg6 47. Kc3 Ke5 48. Kb4 Kd4 49. Kxb5 c3 50. Kb4 c2 51. Bxc2 Bxc2 52. g5 Bf5 53. g6 Bxg6 54. h4 Ke4 55. h5 Bxh5 56. Kc5 g5 57. Kd6 g4 58. Ke7 g3 59. Kf6 g2 60. Kg5 g1=Q+ 61. Kh4 Qg4# 0-1

[Event "January 9 Early 2024"]
[Site "https://www.chess.com"]
[Date "2024.01.11"]
[Round "1"]
[White "Mammadov, Ziya"]
[Black "Alinasab, Mobina"]
[Result "0-1"]
[Board "289"]
[TimeControl "180+1"]
[WhiteFideId "13418890"]
[BlackFideId "12528897"]
[WhiteElo "1969"]
[BlackElo "2546"]
[WhiteTeam "AZE"]
[BlackTeam "IRI"]
[WhiteClock "0:00:02"]
[BlackClock "0:00:14"]

1. e4 c5 2. Nf3 d6 3. d4 cxd4 4. Nxd4 Nf6 5. Nc3 a6 6. f3 e5 7. Nb3 Be6 8. Be3 Nbd7 9. Bg5 Be7 10. Bxf6 Nxf6 11. Bd3 O-O 12. Qd2 d5 13. exd5 Nxd5 14. Nxd5 Qxd5 15. Be4 Qxd2+ 16. Nxd2 Rab8 17. O-O-O f5 18. Bd3 b5 19. Kb1 Bf6 20. Rhe1 Rfe8 21. b3 g6 22. c4 Bf7 23. c5 Rec8 24. b4 a5 25. a3 Rc6 26. g4 Be6 27. gxf5 gxf5 28. Bc2 axb4 29. axb4 Ra6 30. Nb3 Ra4 31. Rd6 Kf7 32. Rb6 Rxb6 33. cxb6 Bd5 34. Rd1 Bxf3 35. b7 Bxb7 36. Rd7+ Kg6 37. Rxb7 Rxb4 38. Kc1 e4 39. Rd7 Be5 40. Rd5 Bxh2 41. Nd4 Bf4+ 42. Kd1 h5 43. Nxf5 Bg5 44. Ng3 h4 45. Nxe4 Bf4 46. Nc3+ Kh6 47. Nxb5 h3 48. Nd4 h2 49. Nf5+ Kg5 50. Ng3+ Kg4 51. Nh1 Rb8 52. Bf5+ Kf3 53. Bh3 Rb1+ 54. Kc2 Rc1+ 55. Kd3 Rxh1 56. Kc4 Rc1+ 57. Kd4 h1=Q 58. Bg2+ Qxg2 0-1

[Event "January 9 Early 2024"]
[Site "https://www.chess.com"]
[Date "2024.01.11"]
[Round "1"]
[White "Santos Flores, Alberto"]
[Black "Tari, Aryan"]
[Result "1-0"]
[Board "290"]
[TimeControl "180+1"]
[WhiteFideId "3601234"]
[BlackFideId "1510045"]
[WhiteElo "2509"]
[BlackElo "2908"]
[WhiteTeam "ECU"]
[BlackTeam "NOR"]
[WhiteClock "0:00:20"]
[BlackClock "0:00:06"]

1. e4 e5 2. Nf3 Nc6 3. Bc4 Bc5 4. O-O Nf6 5. d4 Bxd4 6. Nxd4 Nxd4 7. Bg5 d6 8. f4 Qe7 9. fxe5 dxe5 10. Nc3 c6 11. Ne2 Bg4 12. c3 Nxe2+ 13. Bxe2 Bxe2 14. Qxe2 O-O-O 15. Bxf6 gxf6 16. Rf3 Rd6 17. Raf1 Rhd8 18. Qe3 Kb8 19. b4 R8d7 20. a4 Qd8 21. a5 Rd3 22. Qh6 Rxf3 23. Rxf3 Rd1+ 24. Kf2 Rd2+ 25. Kg1 Rd1+ 26. Kf2 c5 27. Qxf6 Rd2+ 28. Kg1 Rd1+ 29. Kf2 Qd2+ 30. Kg3 cxb4 31. Qxe5+ Qd6 32. Qxd6+ Rxd6 33. cxb4 Rd4 34. Rxf7 Rxb4 35. Rxh7 Rxe4 36. Rh5 b6 37. axb6 axb6 38. h4 Kb7 39. Rf5 Kc6 40. h5 b5 41. h6 b4 42. Rf8 Re7 43. Rb8 Rh7 44. Rxb4 Rxh6 45. Rd4 Rg6+ 46. Kf3 Rf6+ 47. Rf4 Rg6 48. g4 Kd7 49. Re4 Rf6+ 50. Kg3 Rg6 51. Kf4 Rg8 52. g5 Rf8+ 53. Kg4 Rg8 54. Kf5 Rf8+ 55. Kg6 Rg8+ 56. Kf6 Rf8+ 57. Kg7 Rf1 58. g6 Rg1 59. Kf7 Rf1+ 60. Kg8 Rg1 61. g7 Rg2 62. Kf7 Rf2+ 63. Kg6 Rg2+ 64. Kf6 Rf2+ 65. Kg5 Re2 66. Rxe2 1-0

[Event "January 9 Early 2024"]
[Site "https://www.chess.com"]
[Date "2024.01.11"]
[Round "1"]
[White "Parfenov, Viktor N."]
[Black "Bortnyk, Olexandr"]
[Result "0-1"]
[Board "291"]
[TimeControl "180+1"]
[WhiteFideId "4165969"]
[BlackFideId "14120828"]
[WhiteElo "2530"]
[BlackElo "3119"]
[WhiteTeam "RUS"]
[BlackTeam "UKR"]
[WhiteClock "0:00:01"]
[BlackClock "0:00:05"]

1. d4 d6 2. e4 Nf6 3. Nc3 Nbd7 4. Nf3 e5 5. Bc4 Be7 6. O-O c6 7. a4 a5 8. h3 O-O 9. Re1 h6 10. Be3 Qc7 11. Qe2 Re8 12. d5 Nf8 13. Nd2 Ng6 14. Qf3 Rf8 15. Bb3 Kh7 16. Nc4 Ra6 17. Rad1 Ne8 18. Bd2 f5 19. exf5 Bxf5 20. Qe2 Nf6 21. Ne3 Nf4 22. Qf1 Bd7 23. Bc4 Rb6 24. b3 Qc8 25. Bd3+ Kh8 26. Bc4 Rb4 27. Bc1 cxd5 28. Ncxd5 N6xd5 29. Nxd5 Nxd5 30. Bxd5 Qxc2 31. Bd2 Rd4 32. Be3 Rxd1 33. Rxd1 Bc6 34. Rc1 Qb2 35. Qc4 Bg5 36. Rc2 Qb1+ 37. Rc1 Qf5 38. Bxc6 Bxe3 39. fxe3 bxc6 40. Qxc6 Qf2+ 41. Kh1 Qxe3 42. Rd1 Qxb3 43. Qxd6 Rf6 44. Qd8+ Kh7 45. Qd3+ Qxd3 46. Rxd3 Rf4 47. Rd5 Rxa4 48. Rxe5 Kg6 49. Kg1 Kf6 50. Rb5 Ra2 51. Kh2 a4 52. Kg3 a3 53. Ra5 Ra1 54. Kh2 Ke6 55. Kg3 Kd6 56. Kh4 g6 57. Kg3 Kc6 58. Ra6+ Kb5 59. Ra8 Kb4 0-1

[Event "January 9 Early 2024"]
[Site "https://www.chess.com"]
[Date "2024.01.11"]
[Round "1"]
[White "Banzea, Alexandru-Bogdan"]
[Black "Zhuk, Valeriy"]
[Result "1-0"]
[Board "292"]
[TimeControl "180+1"]
[WhiteFideId "1232622"]
[BlackFideId "24151254"]
[WhiteElo "2708"]
[BlackElo "2378"]
[WhiteTeam "ROU"]
[BlackTeam "RUS"]
[WhiteClock "0:00:05"]
[BlackClock "0:00:02"]

1. d4 d5 2. Nc3 Nf6 3. Bf4 Bf5 4. f3 Nc6 5. e4 dxe4 6. d5 Nb4 7. Bb5+ c6 8. dxc6 bxc6 9. Ba4 exf3 10. Nxf3 Qb6 11. Qe2 e6 12. Ne5 Rc8 13. g4 Bg6 14. h4 Nfd5 15. Bh2 Nxc2+ 16. Bxc2 Qxb2 17. O-O Qxc3 18. Bxg6 hxg6 19. Nxf7 Bc5+ 20. Kh1 Rxh4 21. Qxe6+ Ne7 22. Ne5 Rxh2+ 23. Kxh2 Qd2+ 24. Kg3 Qd5 25. Qxd5 cxd5 26. Rad1 Bd6 27. Rfe1 Nc6 28. Rxd5 Bxe5+ 29. Rdxe5+ Nxe5 30. Rxe5+ Kf7 31. Ra5 Rc3+ 32. Kh4 Rc7 33. Kg5 Rd7 34. Ra6 Rc7 35. a4 Rd7 36. a5 Rc7 37. Rd6 Re7 38. a6 Re5+ 39. Kf4 Re7 40. g5 Rc7 41. Ke5 Ke7 42. Rxg6 Rc5+ 43. Kd4 Ra5 44. Rxg7+ Ke6 45. Rxa7 Kf5 46. Kc4 Kxg5 47. Kb4 Ra1 48. Kb5 Kf6 49. Rd7 Ke6 50. Rd4 Ke5 51. Rb4 Kd5 52. Kb6 Kd6 53. a7 Ra3 54. Kb7 Kc5 55. Rb1 1-0

[Event "January 9 Early 2024"]
[Site "https://www.chess.com"]
[Date "2024.01.11"]
[Round "1"]
[White "Alekseenko, Kirill"]
[Black "Dinu, Dumitru-Daniel"]
[Result "1-0"]
[Board "293"]
[TimeControl "180+1"]
[WhiteFideId "4135539"]
[BlackFideId "1208403"]
[WhiteElo "2924"]
[BlackElo "2493"]
[WhiteTeam "AUT"]
[BlackTeam "ROU"]
[WhiteClock "0:00:14"]
[BlackClock "0:00:01"]

1. e4 c5 2. Nf3 d6 3. d4 cxd4 4. Nxd4 Nf6 5. Nc3 a6 6. Be2 g6 7. Be3 Bg7 8. f3 O-O 9. Qd2 b5 10. a4 b4 11. Na2 a5 12. c3 e5 13. Nb5 d5 14. cxb4 d4 15. Bg5 h6 16. Bh4 Nxe4 17. Bxd8 Nxd2 18. Kxd2 Rxd8 19. bxa5 Rxa5 20. Nb4 Bf8 21. Nd3 Nc6 22. Rhc1 Bd7 23. Rc4 Rda8 24. Rac1 R8a6 25. b3 f5 26. Nc5 Bxc5 27. Rxc5 e4 28. fxe4 fxe4 29. Bc4+ Kf8 30. Rf1+ Ke7 31. Rf7+ Kd8 32. Rd5 e3+ 33. Ke2 Nb8 34. Rf8+ Ke7 35. Rxb8 Bg4+ 36. Ke1 Rxa4 37. bxa4 Rxa4 38. Rb7+ Kf6 39. Rf7+ Kxf7 40. Rxd4+ Kf6 41. Rxg4 Ra1+ 42. Ke2 h5 43. Re4 g5 44. Nd4 Rc1 45. Re6+ Kg7 46. Bd3 Kf7 47. Rc6 Rh1 48. h3 g4 49. hxg4 hxg4 50. Kxe3 Rg1 51. Be4 Ke7 52. Rg6 Ra1 53. Nc6+ Kf7 54. Ne5+ Ke7 55. Kf4 Ra4 56. Rxg4 Ke6 57. Rg6+ Ke7 58. g4 Ra1 59. Rg7+ Kf8 60. Rb7 Rf1+ 61. Bf3 Re1 62. g5 Rg1 63. Kf5 Rf1 64. g6 Kg8 65. Kf6 1-0

[Event "January 9 Early 2024"]
[Site "https://www.chess.com"]
[Date "2024.01.11"]
[Round "1"]
[White "Gheorghiu, Calin"]
[Black "Mekhitarian, Krikor Sevag"]
[Result "0-1"]
[Board "294"]
[TimeControl "180+1"]
[WhiteFideId "1200305"]
[BlackFideId "2107660"]
[WhiteElo "2432"]
[BlackElo "2777"]
[WhiteTeam "ROU"]
[BlackTeam "BRA"]
[WhiteClock "0:00:20"]
[BlackClock "0:00:04"]

1. e4 e6 2. d4 d5 3. e5 c5 4. c3 Nc6 5. Nf3 Bd7 6. Bd3 cxd4 7. O-O dxc3 8. Nxc3 a6 9. a3 Nge7 10. Re1 Ng6 11. Qe2 Be7 12. b4 Rc8 13. Bd2 O-O 14. Rac1 b5 15. g3 Re8 16. h4 h6 17. Kg2 Nf8 18. Bb1 Qb6 19. Qd3 a5 20. Nxb5 axb4 21. Nd6 bxa3 22. Qxa3 Qb8 23. Bf4 Bxd6 24. exd6 Qb4 25. Qd3 Ng6 26. h5 Nxf4+ 27. gxf4 f5 28. Ne5 Qxd6 29. Nxd7 Qxd7 30. Qg3 Qf7 31. Bd3 Rc7 32. Rc5 Rec8 33. Rec1 Nd4 34. Rxc7 Rxc7 35. Rxc7 Qxc7 36. Qg6 Qf7 37. Qg3 Nc6 38. Bb5 Ne7 39. Be2 Kh8 40. Qe3 Ng8 41. Qe5 Nf6 42. Qd6 Kh7 43. Bf3 Nxh5 44. Qe5 Nf6 45. Kf1 Ne4 46. Bxe4 fxe4 47. Qd6 Qf6 48. Qc7 Kg6 49. Qc8 Kf5 50. Qc7 Kg4 51. Kg2 h5 52. Qd7 Kxf4 53. Qe8 Kg5 54. Qh8 Qg6 55. Qd8+ Kh6+ 56. Kh2 Kh7 57. Qh4 Qf5 58. Qe7 e5 59. Kg2 Qf3+ 60. Kg1 Qf5 61. Qd6 d4 62. Qd5 d3 63. Qc5 d2 64. Qd5 Qg4+ 65. Kh2 d1=Q 66. Qxe5 Qh4+ 67. Kg2 Qdh1# 0-1

[Event "January 9 Early 2024"]
[Site "https://www.chess.com"]
[Date "2024.01.11"]
[Round "1"]
[White "Domingo Nunez, Alejandro"]
[Black "Skibbe, Willi"]
[Result "1-0"]
[Board "295"]
[TimeControl "180+1"]
[WhiteFideId "22245561"]
[BlackFideId "4682190"]
[WhiteElo "2698"]
[BlackElo "2363"]
[WhiteTeam "ESP"]
[BlackTeam "GER"]
[WhiteClock "0:00:26"]
[BlackClock "0:00:07"]

1. Nf3 d5 2. g3 e6 3. Bg2 Nf6 4. O-O Be7 5. c4 O-O 6. b3 b6 7. Bb2 Bb7 8. d4 Nbd7 9. cxd5 Nxd5 10. e4 N5f6 11. e5 Nd5 12. Nc3 c5 13. dxc5 Nxc5 14. Nxd5 Qxd5 15. Qc2 Qd3 16. Rac1 Qxc2 17. Rxc2 Be4 18. Rc3 Nd3 19. Ba1 Rac8 20. Rd1 Bb4 21. Rxc8 Rxc8 22. Ne1 Bxg2 23. Nxd3 Bf3 24. Rc1 Rxc1+ 25. Nxc1 Kf8 26. Nd3 Bd2 27. Kf1 Ke7 28. Bb2 Kd7 29. Ba3 a5 30. b4 Kc6 31. bxa5 bxa5 32. Bd6 Kb5 33. a3 Kc4 34. Nc5 Bc1 35. Nd7 h5 36. h4 Bd2 37. Bf8 g6 38. Nf6 Kd4 39. Bd6 g5 40. hxg5 Bxg5 41. Ne8 Be4 42. Nc7 Bg6 43. f4 Bh6 44. Ne8 h4 45. Kg2 hxg3 46. Kxg3 a4 47. Nf6 Ke3 48. Ng4+ Ke4 49. Nxh6 Bh5 50. Ng8 Kf5 51. Nf6 Bg6 52. Nd7 Ke4 53. Nc5+ Kd5 54. Nxa4 Kc4 55. Nb6+ Kb5 56. Nd7 Ka4 57. Nf8 Bh5 58. Nh7 Bg6 59. Ng5 Kb5 60. Kh4 Kc4 61. Nf3 Kb5 62. Kg5 Kc6 63. Kf6 Kd7 64. Ng5 Ke8 65. Kg7 Bh5 66. a4 Bg6 67. a5 Bd3 68. Nxf7 Ba6 69. Ng5 Kd7 70. Kf6 Bc4 71. Ne4 Bd5 72. Nc5+ 1-0

[Event "January 9 Early 2024"]
[Site "https://www.chess.com"]
[Date "2024.01.11"]
[Round "1"]
[White "Zou, Chen"]
[Black "Martinez, Shawn"]
[Result "1-0"]
[Board "296"]
[TimeControl "180+1"]
[WhiteFideId "8610959"]
[BlackFideId "2039770"]
[WhiteElo "2799"]
[BlackElo "2438"]
[WhiteTeam "CHN"]
[BlackTeam "USA"]
[WhiteClock "0:00:04"]
[BlackClock "0:00:02"]

1. Nf3 g6 2. d4 Bg7 3. c4 Nf6 4. Nc3 d6 5. g3 O-O 6. Bg2 c6 7. O-O Nbd7 8. e4 e5 9. Qc2 Re8 10. Rd1 Qe7 11. h3 exd4 12. Nxd4 Nc5 13. f3 a5 14. Kh2 Nfd7 15. Bf4 Ne5 16. b3 Bd7 17. Rd2 Rad8 18. Rad1 h6 19. Nde2 Bc8 20. Be3 g5 21. Bg1 Ng6 22. Nd4 Be6 23. Nce2 Bc8 24. a3 Ne6 25. Nf5 Qf8 26. Nxd6 Re7 27. Nf5 Red7 28. Rxd7 Rxd7 29. Rxd7 Bxd7 30. Qd2 Bc8 31. Qxa5 Nd8 32. Nxg7 Kxg7 33. Bd4+ f6 34. Qc7+ Nf7 35. Qa5 Qd6 36. Qc5 Qd8 37. Qb4 Nge5 38. Qc3 b6 39. f4 Nd7 40. b4 c5 41. bxc5 bxc5 42. Be3 Nf8 43. Bxc5 Ne6 44. Be3 Qc7 45. a4 Ba6 46. fxg5 hxg5 47. Nd4 Nc5 48. Nf5+ Kg6 49. Qc2 Ne5 50. a5 Ne6 51. c5 Nc4 52. Bc1 Qxa5 53. e5 Nxe5 54. Ne7+ Kf7 55. Qh7+ Ng7 56. Nf5 Qa1 57. Qxg7+ Ke6 58. g4 Qxc1 59. Qe7# 1-0

[Event "January 9 Early 2024"]
[Site "https://www.chess.com"]
[Date "2024.01.11"]
[Round "1"]
[White "Prudnykova, Olga"]
[Black "Kotlyar, Kirill"]
[Result "1/2-1/2"]
[Board "297"]
[TimeControl "180+1"]
[WhiteFideId "14121093"]
[BlackFideId "24145599"]
[WhiteElo "2278"]
[BlackElo "2611"]
[WhiteTeam "ISL"]
[BlackTeam "RUS"]
[WhiteClock "0:00:24"]
[BlackClock "0:00:16"]

1. e4 e5 2. d4 exd4 3. Qxd4 Nc6 4. Qc4 Nf6 5. Nc3 Bb4 6. Bg5 d6 7. Ne2 Be6 8. Qd3 h6 9. Bh4 a6 10. O-O-O O-O 11. Nd5 Bxd5 12. exd5 Ne5 13. Qb3 Bc5 14. h3 Ng6 15. Bg3 Ne4 16. Nd4 Nxg3 17. fxg3 Qg5+ 18. Kb1 a5 19. g4 Qf6 20. Nf5 a4 21. Qf3 a3 22. Nxh6+ Kh7 23. Qxf6 gxf6 24. Nf5 axb2 25. Kxb2 Rfe8 26. Bc4 Ne5 27. Bb3 Kg6 28. Rhe1 Kg5 29. Re4 Ng6 30. Rde1 Re5 31. Rxe5 fxe5 32. c3 Re8 33. Bc2 Nh4 34. Be4 Nxf5 35. Bxf5 Kf4 36. Re2 e4 37. h4 e3 38. h5 Kg5 39. Kc2 Re5 40. c4 b5 41. Kd3 bxc4+ 42. Kxc4 Re8 43. a4 Rb8 44. Bd7 Rb4+ 45. Kc3 Rb7 46. a5 Ra7 47. Ra2 Ra8 48. Kd3 Rd8 49. Bf5 Kf4 50. a6 Ra8 51. h6 Kg5 52. h7 Kh6 53. g3 Kg7 54. g5 Ba7 55. Rh2 Rh8 56. g4 Bb6 57. Ra2 Ba7 58. Ra4 Bb6 59. Ke2 Ba7 60. Re4 Kf8 61. Rb4 Bb6 62. Rb5 Kg7 63. Rb3 Ra8 64. Ra3 Bc5 65. Ra4 Bb6 66. Bd7 Rd8 67. Bf5 Ra8 68. Kf3 Re8 69. Ke2 Ra8 1/2-1/2

[Event "January 9 Early 2024"]
[Site "https://www.chess.com"]
[Date "2024.01.11"]
[Round "1"]
[White "Bogaudinov, Rushan"]
[Black "Malek, Jan"]
[Result "0-1"]
[Board "298"]
[TimeControl "180+1"]
[WhiteFideId "4129288"]
[BlackFideId "21864080"]
[WhiteElo "2389"]
[BlackElo "2714"]
[WhiteTeam "RUS"]
[BlackTeam "POL"]
[WhiteClock "0:00:09"]
[BlackClock "0:00:11"]

1. e4 c6 2. d4 d5 3. e5 c5 4. dxc5 e6 5. Be3 Nd7 6. c4 dxc4 7. Bxc4 Bxc5 8. Bxc5 Nxc5 9. Qxd8+ Kxd8 10. Nc3 Ke7 11. b4 Nd7 12. f4 Nb6 13. Bb3 Bd7 14. Nf3 Nh6 15. h3 Bc6 16. Kf2 Rac8 17. Rac1 Rhd8 18. Ne2 Nf5 19. Rhd1 Rxd1 20. Rxd1 Bd5 21. g4 Nh6 22. Bxd5 Nxd5 23. a3 f6 24. exf6+ gxf6 25. f5 Rc2 26. Nd4 Ra2 27. Nxe6 Nc3 28. Re1 Nf7 29. Nc5 Ne5 30. Kf1 Nxe2 31. Rxe2 Rxa3 32. Nxb7 Rxh3 33. Na5 Kf7 34. Rc2 Rh1+ 35. Kg2 Rh4 36. Rc7+ Kg8 37. Rxa7 Rxg4+ 38. Kh3 Rxb4 39. Nb7 Nf7 40. Ra8+ Kg7 41. Nd8 Ng5+ 42. Kg3 Rb3+ 43. Kg4 Rb4+ 44. Kg3 Kh6 45. Ra7 Rb5 46. Kg4 Rb4+ 47. Kg3 Ne4+ 48. Kf3 Nd6 49. Nf7+ Nxf7 50. Rxf7 Rb6 51. Kf4 Rc6 52. Rf8 Kg7 53. Rd8 Rc4+ 54. Kf3 h5 55. Rd7+ Kh6 56. Rd8 Kg5 57. Rh8 Rc3+ 58. Ke4 Rc4+ 59. Kd5 Rc1 60. Ke6 Re1+ 61. Kf7 h4 62. Rg8+ Kxf5 63. Rg6 Re7+ 64. Kxe7 Kxg6 65. Ke6 h3 0-1

[Event "January 9 Early 2024"]
[Site "https://www.chess.com"]
[Date "2024.01.11"]
[Round "1"]
[White "Sakun, Volodymyr"]
[Black "Sultanbek, Zeinep"]
[Result "0-1"]
[Board "299"]
[TimeControl "180+1"]
[WhiteFideId "14114062"]
[BlackFideId "13710419"]
[WhiteElo "2628"]
[BlackElo "2321"]
[WhiteTeam "UKR"]
[BlackTeam "KAZ"]
[WhiteClock "0:00:03"]
[BlackClock "0:00:03"]

1. Nf3 d5 2. d4 Nf6 3. c4 e6 4. Nc3 c6 5. e3 Nbd7 6. Qc2 Bd6 7. b3 dxc4 8. bxc4 e5 9. Bd3 O-O 10. O-O Re8 11. Bb2 exd4 12. exd4 Nf8 13. Rfe1 Bg4 14. Ne5 Bxe5 15. dxe5 N6d7 16. h3 Bh5 17. f4 Nc5 18. Bf1 Nfe6 19. Qf2 Qd4 20. g4 Qxf2+ 21. Kxf2 Nxf4 22. Ke3 Ng6 23. gxh5 Nxe5 24. Kd4 Ncd3 25. Na4 Rad8+ 26. Kc3 Nxe1 27. Rxe1 h6 28. Nc5 b6 29. Nd3 Nxd3 30. Rxe8+ Rxe8 31. Bxd3 Re5 32. Kd2 Rxh5 33. Bf1 Rf5 34. Ke2 Rf4 35. Ke1 g5 36. Bc3 f5 37. Bd2 Re4+ 38. Be2 Kf7 39. Kf2 Kg6 40. Bd3 Rd4 41. Ke3 c5 42. Bc3 Rd7 43. Ke2 h5 44. Be1 g4 45. h4 Re7+ 46. Kd2 Kf6 47. Bg3 Rd7 48. Bf4 Rd4 49. Ke3 a6 50. a4 b5 51. axb5 a5 52. b6 Rd7 53. Bc2 Rb7 54. Bc7 Ke6 55. Kf4 Rxc7 56. Ba4 Rb7 57. Bc6 Rxb6 58. Bd5+ Kf6 59. Bg8 a4 0-1

[Event "January 9 Early 2024"]
[Site "https://www.chess.com"]
[Date "2024.01.11"]
[Round "1"]
[White "Haug, Havard"]
[Black "Krivenko, Dion"]
[Result "0-1"]
[Board "300"]
[TimeControl "180+1"]
[WhiteFideId "1547887"]
[BlackFideId "4508378"]
[WhiteElo "2767"]
[BlackElo "2458"]
[WhiteTeam "NOR"]
[BlackTeam "EST"]
[WhiteClock "0:00:24"]
[BlackClock "0:00:14"]

1. b3 Nf6 2. Bb2 d5 3. f4 g6 4. Nf3 Bg7 5. e3 c5 6. Be2 O-O 7. O-O Nc6 8. d3 a5 9. a4 Re8 10. Ne5 Qc7 11. Nd2 Nd7 12. d4 cxd4 13. exd4 Nf6 14. Bd3 Nb4 15. Bb5 Rd8 16. c3 Nc6 17. Qe2 Bf5 18. Rfe1 Ne4 19. Nxe4 Bxe4 20. Bxc6 bxc6 21. Ba3 Re8 22. Bc5 Rab8 23. b4 f6 24. Nd3 Bxd3 25. Qxd3 Qxf4 26. Bxe7 axb4 27. cxb4 f5 28. Bc5 Re4 29. a5 Bxd4+ 30. Bxd4 Rxd4 31. Qa6 Rdxb4 32. Qxc6 Qd4+ 33. Kh1 Qxa1 34. Rxa1 Rb1+ 35. Qc1 Rxc1+ 36. Rxc1 Ra8 37. Ra1 Ra6 38. Kg1 Kf7 39. Kf2 Ke6 40. Ke3 Ke5 41. Kd3 d4 42. Kc4 Ke4 43. Re1+ Kf4 44. Kb5 Ra8 45. a6 d3 46. Kc4 Rxa6 47. Kxd3 Ra2 48. Rf1+ Kg4 49. Rg1 h5 50. Ke3 h4 51. g3 h3 52. Rh1 g5 53. Kd3 Rg2 54. Ke3 Ra2 55. Kd3 Rb2 56. Kc3 Rg2 57. Kd3 f4 58. gxf4 Kxf4 59. Rf1+ Kg4 60. Rh1 Kf3 61. Rf1+ Rf2 62. Rg1 g4 63. Rh1 Kg2 64. Ra1 Kxh2 65. Ke3 g3 66. Ra8 Rf7 67. Rg8 g2 68. Ke4 g1=Q 69. Rxg1 Kxg1 70. Ke5 Rf2 71. Ke6 h2 72. Ke7 Kg2 73. Ke8 h1=Q 74. Ke7 Qe1+ 75. Kd8 Rd2+ 76. Kc7 Qc1+ 77. Kb7 Rb2+ 78. Ka7 Qa1# 0-1

[Event "January 9 Early 2024"]
[Site "https://www.chess.com"]
[Date "2024.01.11"]
[Round "1"]
[White "Bueno, Alfeu Junior Varela"]
[Black "Halkias, Stelios"]
[Result "0-1"]
[Board "301"]
[TimeControl "180+1"]
[WhiteFideId "2108879"]
[BlackFideId "4201809"]
[WhiteElo "2401"]
[BlackElo "2727"]
[WhiteTeam "BRA"]
[BlackTeam "GRE"]
[WhiteClock "0:00:01"]
[BlackClock "0:00:03"]

1. e4 e5 2. Nc3 f6 3. Bc4 d6 4. Bxg8 Rxg8 5. Qh5+ g6 6. Qxh7 Rg7 7. Qh8 Be6 8. d3 Rg8 9. Qh7 Qd7 10. Qxd7+ Nxd7 11. f4 c6 12. Nf3 O-O-O 13. Be3 Kb8 14. O-O-O Be7 15. d4 exf4 16. Bxf4 g5 17. Bg3 Bg4 18. Rde1 Kc8 19. Rhf1 Nf8 20. e5 dxe5 21. dxe5 f5 22. Bf2 b6 23. Nd4 Kb7 24. h3 c5 25. Ndb5 Bh5 26. Bg1 f4 27. Ne4 Ne6 28. Ned6+ Kb8 29. Nf5 Bf8 30. Nbd6 Bg6 31. Bh2 Rh8 32. Rf2 Ka8 33. Rd2 c4 34. Rf1 c3 35. bxc3 Bxf5 36. Nxf5 Ba3+ 37. Kd1 Nc5 38. Bg1 Ne4 39. Rxd8+ Rxd8+ 40. Bd4 Nxc3+ 41. Ke1 Ne4 42. Rf3 Bc5 43. Rd3 Re8 44. Bxc5 bxc5 45. Rd5 Kb7 46. Nd6+ Nxd6 47. Rxd6 Rxe5+ 48. Kf2 c4 49. Rd4 Ra5 50. Rxc4 Rxa2 51. Rc5 Kb6 52. Rc3 a5 53. Kf3 a4 54. Kg4 Kb5 55. Kxg5 Kb4 56. Rc8 Rb2 57. Kg4 a3 58. Kxf4 a2 59. Ra8 Rxc2 60. g4 Rf2+ 61. Kg5 Rc2 62. Kh4 Kb3 0-1

[Event "January 9 Early 2024"]
[Site "https://www.chess.com"]
[Date "2024.01.11"]
[Round "1"]
[White "Romero Arzuaga, Yudel"]
[Black "Zhao, Jun"]
[Result "1/2-1/2"]
[Board "302"]
[TimeControl "180+1"]
[WhiteFideId "3521010"]
[BlackFideId "8602522"]
[WhiteElo "2442"]
[BlackElo "2769"]
[WhiteTeam "CUB"]
[BlackTeam "CHN"]
[WhiteClock "0:00:54"]
[BlackClock "0:00:02"]

1. d4 Nf6 2. Nf3 d5 3. Bf4 Bf5 4. e3 e6 5. c4 c6 6. Qb3 Qc8 7. Nc3 Be7 8. Be2 O-O 9. h3 Nbd7 10. O-O dxc4 11. Bxc4 Nb6 12. Be2 h6 13. Bh2 Ne4 14. Nxe4 Bxe4 15. Nd2 Bg6 16. Rac1 Qd8 17. Bf3 Bd6 18. Bxd6 Qxd6 19. Nc4 Nxc4 20. Rxc4 Rab8 21. Rfc1 Rfd8 22. Qc3 Rd7 23. b4 a6 24. a4 Re8 25. Rc5 Ree7 26. b5 axb5 27. axb5 cxb5 28. Rxb5 Rc7 29. Qb2 Rxc1+ 30. Qxc1 e5 31. Rd5 Qb8 32. Qc5 Rc7 33. Qd6 exd4 34. Rxd4 Rc1+ 35. Kh2 Qxd6+ 36. Rxd6 b5 37. Rb6 Rb1 38. g4 Bd3 39. Bd5 g6 40. e4 Re1 41. Rxg6+ Kh7 42. Rf6 Bxe4 43. Bxe4+ Rxe4 44. Rxf7+ Kg6 45. Rb7 b4 46. Kg3 Rc4 47. h4 Rc3+ 48. f3 b3 49. Rb6+ Kg7 50. Kf4 Rc4+ 51. Ke3 Rc3+ 52. Ke4 Kh7 53. h5 Kg7 54. f4 Rc4+ 55. Ke3 Rc3+ 56. Kd4 Rg3 57. Ke5 Rxg4 58. Rb7+ Kf8 59. Rxb3 Rh4 60. f5 Rxh5 61. Kf6 Kg8 62. Ke6 Rh1 63. Rb8+ Kh7 64. f6 Re1+ 65. Kf7 Rf1 66. Rb5 Rf2 67. Rb1 Rf3 68. Rg1 Ra3 69. Rg7+ Kh8 70. Kg6 Rg3+ 71. Kxh6 Rxg7 72. fxg7+ Kg8 73. Kg6 1/2-1/2

[Event "January 9 Early 2024"]
[Site "https://www.chess.com"]
[Date "2024.01.11"]
[Round "1"]
[White "Tqebuchava, Zurab"]
[Black "Kochiev, Ivan"]
[Result "0-1"]
[Board "303"]
[TimeControl "180+1"]
[WhiteFideId "13601113"]
[BlackFideId "2917890"]
[WhiteElo "2133"]
[BlackElo "2559"]
[WhiteTeam "GEO"]
[BlackTeam "BUL"]
[WhiteClock "0:00:02"]
[BlackClock "0:00:04"]

1. e4 c5 2. Nf3 d6 3. Bb5+ Nc6 4. O-O Bd7 5. h3 a6 6. Bxc6 Bxc6 7. Re1 Nf6 8. e5 dxe5 9. Nxe5 Qc7 10. Nxc6 Qxc6 11. Nc3 e6 12. d3 Be7 13. a4 O-O 14. Bf4 b5 15. axb5 axb5 16. Qe2 b4 17. Ne4 Nxe4 18. Qxe4 Qxe4 19. dxe4 Rxa1 20. Rxa1 Rd8 21. Ra7 Bf8 22. b3 f6 23. Kf1 c4 24. bxc4 Rd4 25. c5 Rxe4 26. Be3 Rc4 27. Rb7 Bxc5 28. Rc7 Rxc2 29. Rxc5 Ra2 30. Rb5 Ra1+ 31. Ke2 Rb1 32. Rb7 b3 33. Kd2 b2 34. Kc2 Rg1 35. g3 g5 36. Rxb2 Rh1 37. Rb6 Kf7 38. Rb7+ Kg6 39. Re7 e5 40. Kd3 Rxh3 41. Ke2 Rh1 42. Re8 Ra1 43. Rc8 Ra2+ 44. Kf3 h5 45. Kg2 Kf5 46. Rc7 Ra6 47. Rc8 Kg6 48. Rg8+ Kf7 49. Rh8 Kg6 50. Rc8 Rd6 51. Rc7 f5 52. Rc5 f4 53. gxf4 exf4 54. Bc1 Rd4 55. Bb2 Rb4 56. Rc6+ Kf5 57. Bc3 Ra4 58. f3 g4 59. Rf6+ Kg5 60. fxg4 hxg4 61. Rf8 Rc4 62. Bd2 Rc2 0-1

[Event "January 9 Early 2024"]
[Site "https://www.chess.com"]
[Date "2024.01.11"]
[Round "1"]
[White "Aradhya, Garg"]
[Black "Hejazipour, Mitra"]
[Result "0-1"]
[Board "304"]
[TimeControl "180+1"]
[WhiteFideId "25006746"]
[BlackFideId "12505951"]
[WhiteElo "2724"]
[BlackElo "2437"]
[WhiteTeam "IND"]
[BlackTeam "FRA"]
[WhiteClock "0:00:11"]
[BlackClock "0:00:21"]

1. d4 Nf6 2. c4 e6 3. Nf3 b6 4. a3 Bb7 5. Nc3 d5 6. Qc2 Be7 7. cxd5 Nxd5 8. e4 Nxc3 9. bxc3 c5 10. Bb5+ Bc6 11. Bd3 O-O 12. O-O Qc7 13. Rd1 Nd7 14. d5 Bb7 15. c4 Bf6 16. Bb2 Ne5 17. Be2 Rad8 18. a4 Nxf3+ 19. Bxf3 Be5 20. g3 f5 21. exf5 exd5 22. Bxd5+ Bxd5 23. Rxd5 Rxd5 24. cxd5 Bxb2 25. Qxb2 Rxf5 26. Rd1 Qd6 27. Qe2 Rf8 28. f4 Rd8 29. Qe5 h6 30. Kf2 a6 31. Qxd6 Rxd6 32. Ke3 b5 33. Ke4 Kf7 34. Ke5 Rd8 35. d6 c4 36. Rb1 Rb8 37. Kd5 c3 38. Kc6 c2 39. Rc1 Rc8+ 40. Kb7 Rc4 41. Kxa6 b4 42. Kb5 b3 43. Kxc4 b2 44. Rxc2 b1=Q 45. Rd2 Qc1+ 46. Kd3 Ke6 47. Ke2 Qc4+ 48. Kf2 Kd7 49. a5 Qc5+ 50. Kg2 Qxa5 51. Rd3 Qa2+ 52. Kh3 Qe2 53. Rd4 Qh5+ 54. Kg2 Qe2+ 55. Kh3 Qe6+ 56. Kg2 g5 57. fxg5 hxg5 58. h4 g4 59. Rf4 Qe2+ 60. Kg1 Kxd6 61. h5 Qe3+ 62. Kg2 Qd2+ 63. Kg1 Qd1+ 64. Kg2 Qd5+ 65. Kg1 Qxh5 66. Rf2 Qh3 67. Rg2 Ke5 68. Kf2 Ke4 69. Rg1 Qh2+ 70. Rg2 Qh1 71. Rg1 Qf3+ 72. Ke1 Kd3 0-1